 Dungeon Crawl Stone Soup version 0.24-a0-581-gc0fa6600bf (webtiles) character file.

Game seed: 8927420476095264535

18 Mithandil the Conjurer (level 2, -3/20 HPs)
             Began as a Draconian Conjurer on Aug 24, 2019.
             Slain by an adder (4 damage)
             ... on level 2 of the Dungeon.
             The game lasted 00:04:38 (538 turns).

Mithandil the Conjurer (Draconian Conjurer)          Turns: 538, Time: 00:04:38

Health: -3/20      AC:  4    Str: 10    XL:     2   Next: 51%
Magic:  0/5        EV: 12    Int: 15    God:
Gold:   37         SH:  0    Dex: 11    Spells: 2/5 levels left

rFire    . . .     SeeInvis .   i - +0 dagger
rCold    . . .     Gourm    .   (no shield)
rNeg     . . .     Faith    .   (armour unavailable)
rPois    .         Spirit   .   (helmet restricted)
rElec    .         Reflect  .   (no cloak)
rCorr    .         Harm     .   (no gloves)
MR       .....                  (no boots)
Stlth    ++........             (no amulet)
HPRegen  0.06/turn              (no ring)
MPRegen  0.09/turn              (no ring)

@: lethally poisoned (-3 -> -7)
A: unfitting armour, cold-blooded, AC +4
a: no special abilities


You were on level 2 of the Dungeon.
You were not hungry.

You visited 1 branch of the dungeon, and saw 2 of its levels.

You collected 37 gold pieces.

Inventory:

Hand Weapons
 c - a +0 club
 i - a +0 dagger (weapon)
Missiles
 e - 6 stones (quivered)
 h - 16 arrows
Scrolls
 a - a scroll of amnesia
Comestibles
 b - 2 rations
 d - 3 chunks of flesh


   Skills:
 + Level 2.0 Dodging
 + Level 2.0 Stealth
 * Level 2.3 Spellcasting
 * Level 4.2 Conjurations


You had 2 spell levels left.
You knew the following spells:

 Your Spells              Type           Power        Failure   Level  Hunger
a - Magic Dart            Conj           ##..         3%          1    #......
b - Searing Ray           Conj           ##....       5%          2    ###....

Your spell library contained the following spells:

 Spells                   Type           Power        Failure   Level  Hunger
 Dazzling Spray           Conj/Hex       #.....       26%         3    ###....
 Iskenderun's Mystic Bla  Conj           ##......     36%         4    #####..
 Force Lance              Conj/Tloc      #.......     65%         4    #####..
 Fulminant Prism          Conj/Hex       #.........   65%         4    #####..


Dungeon Overview and Level Annotations

Branches:
Dungeon (2/15)

Altars:
Dithmenos


Innate Abilities, Weirdness & Mutations

Your plain brown scales are hard. (AC +4)
You cannot fit into any form of body armour.
You are cold-blooded and may be slowed by cold attacks.


Message History

The adder is severely wounded.
The adder closely misses you. The adder misses you.
Your magical contamination has completely faded away.
You hit the adder but do no damage.
The adder is severely wounded.
The adder barely misses you.
You miss the adder.
The adder is severely wounded.
The adder closely misses you.
You miss the adder.
The adder is severely wounded.
You feel sick. The adder bites you.
* * * LOW HITPOINT WARNING * * *
You barely miss the adder.
The adder is severely wounded.
The adder misses you. The adder barely misses you.
You hit the adder.
The adder is severely wounded.
The adder bites you.
You die...

... ....
#..._
##... ..?.
..# ##.#
#@.#
#S†....#
........#
##.##.#...
#.# .# ..
#.# . .
#.# . ..+
..


You could see an adder.

Vanquished Creatures
  A bat (D:1)
  A giant cockroach (D:1)
  4 hobgoblins
  5 kobolds
  2 frilled lizards (D:1)
  3 rats (D:1)
16 creatures vanquished.

Notes
Turn   | Place    | Note
-------+----------+-------------------------------------------
     0 | D:1      | Mithandil the Draconian Conjurer began the quest for the
                  | Orb.
     0 | D:1      | Reached XP level 1. HP: 14/14 MP: 3/3
   336 | D:2      | Reached XP level 2. HP: 19/20 MP: 0/5
   429 | D:1      | Learned a level 2 spell: Searing Ray
   510 | D:2      | Found a shadowy altar of Dithmenos.
   536 | D:2      | HP: 1/20 [adder (3)]
   538 | D:2      | Slain by an adder

Levels and vault maps discovered:
D:1:      matt_arrival_spirals, layout_basic
D:2:      layout_basic, solitary_fountain, nicolae_dithmenos_shadow_blocks,
          uniq_sigmund, uniq_robin

Skill      XL: |  1  2 |
---------------+-------+-----
Dodging        | 2 |  2.0
Stealth        | 2 |  2.0
Spellcasting   | |  2.3
Conjurations   | |  4.2

Action                   || total
-------------------------++-------
Melee: Unarmed           ||    12
       Club              ||     8
       Tailslap          ||     5
       Dagger            ||    21
 Cast: Magic Dart        ||    30
  Use: Scroll            ||     2
       Potion            ||     2
Armor: Skin              ||    12
Dodge: Dodged            ||    44

Table legend:
 A = Non-vault XP
 B = Vault XP
 C = Vault XP percentage of total XP
 D = Non-vault monster count
 E = Vault monster count
 F = Vault count percentage of total count
                 A         B        C        D         E       F
            +---------+---------+-------+---------+---------+-------
      Total |      27 |       0 |   0.0 |      16 |       0 |   0.0
            +---------+---------+-------+---------+---------+-------
        D:1 |      19 |       0 |   0.0 |      12 |       0 |   0.0
        D:2 |       8 |       0 |   0.0 |       4 |       0 |   0.0
            +---------+---------+-------+---------+---------+-------
